 Dungeon Crawl Stone Soup version 0.25-a0-940-gc6eaff51cc (webtiles) character file.

Game seed: 13480684234056077352, levelgen mode: classic

4055 Amnesiac the Thaumaturge (level 10, -3/56 HPs)
             Began as a Deep Elf Wizard on May 5, 2020.
             Was a Believer of Vehumet.
             Slain by a yak (9 damage)
             ... on level 9 of the Dungeon.
             The game lasted 00:17:33 (9948 turns).

Amnesiac the Thaumaturge (Deep Elf Wizard)          Turns: 9948, Time: 00:17:33

Health: -3/56      AC:  7    Str:  4    XL:     10   Next: 4%
Magic:  11/29      EV: 16    Int: 27    God:    Vehumet [**....]
Gold:   456        SH:  0    Dex: 13    Spells: 23/36 levels left

rFire    . . .     SeeInvis .   a - +2 dagger (elec)
rCold    . . .     Gourm    .   (no shield)
rNeg     . . .     Faith    .   y - +0 robe
rPois    .         Spirit   .   E - +2 hat
rElec    .         Reflect  .   K - scarf {repulsion}
rCorr    .         Harm     +   v - +2 pair of gloves
MR       +....                  (no boots)
Stlth    ++........             t - amulet of harm
HPRegen  0.18/turn              (no ring)
MPRegen  0.21/turn              (no ring)

@: studying Slings, repel missiles
A: no striking features
a: Renounce Religion


You were on level 9 of the Dungeon.
You worshipped Vehumet.
Vehumet was pleased with you.
You were not hungry.

You visited 2 branches of the dungeon, and saw 10 of its levels.

You collected 456 gold pieces.

Inventory:

Hand Weapons
 a - a +2 dagger of electrocution (weapon)
 L - a cursed +5 morningstar of freezing
Missiles
 b - 38 poisoned darts (quivered)
Armour
 v - a +2 pair of gloves (worn)
 y - a +0 robe (worn)
 E - a +2 hat (worn)
 K - a scarf of repulsion (worn)
Jewellery
 t - an amulet of harm (around neck)
Wands
 f - a wand of random effects (19)
 u - a wand of scattershot (3)
 F - a wand of polymorph (9)
 H - a wand of disintegration (16)
Scrolls
 c - 3 scrolls of enchant weapon {!r}
 e - 2 scrolls of blinking {!r}
 i - a scroll of enchant armour {!r}
 n - 2 scrolls of immolation {!r, unknown}
 p - 2 scrolls of fear {!r}
 r - 8 scrolls of remove curse {!r}
 s - 5 scrolls of teleportation {!r, unknown}
 w - a scroll of amnesia {!r}
 x - a scroll of magic mapping {!r}
 D - a scroll of noise {!r}
 I - a scroll of silence {!r, unknown}
 J - a scroll of identify {!r}
Potions
 g - 2 potions of mutation {!q, unknown}
 h - 2 potions of curing {!q, unknown}
 j - a potion of degeneration {!q, unknown}
 k - 2 potions of berserk rage {!q, unknown}
 l - a potion of ambrosia {!q, unknown}
 m - 2 potions of brilliance {!q, unknown}
 o - a potion of magic {!q, unknown}
 q - a potion of lignification {!q, unknown}
 z - a potion of haste {!q}
 A - 2 potions of stabbing {!q, unknown}
 B - a potion of invisibility {!q, unknown}
 C - 2 potions of flight {!q, unknown}
Books
 G - a manual of Slings
Comestibles
 d - 14 rations
 M - 4 chunks of flesh


   Skills:
 - Level 4.0 Fighting
 - Level 8.0 Dodging
 - Level 4.0 Stealth
 * Level 13.8 Spellcasting
 - Level 4.0 Conjurations
 - Level 1.1 Summonings
 - Level 1.1 Translocations
 - Level 4.0 Evocations


You had 23 spell levels left.
You knew the following spells:

 Your Spells              Type           Power        Failure   Level  Hunger
a - Magic Dart            Conj           ####         1%          1    None
b - Call Imp              Summ           ###.....     2%          2    None
d - Searing Ray           Conj           #####.       1%          2    None
e - Mephitic Cloud        Conj/Pois/Air  ####....     4%          3    None
s - Conjure Flame         Conj/Fire      ####....     3%          3    None
v - Blink                 Tloc           N/A          2%          2    None

Your spell library contained the following spells:

 Spells                   Type           Power        Failure   Level  Hunger
 Inner Flame              Hex/Fire       ###.....     9%          3    None
 Slow                     Hex            ###.....     4%          2    None


Dungeon Overview and Level Annotations

Branches:
Dungeon (9/15)             Temple (1/1) D:5
   Lair: D:8-11         Orc: D:9-12

Altars:
Cheibriados
Dithmenos
Fedhas
Gozag
Hepliaklqana
Kikubaaqudgha
Makhleb
Nemelex Xobeh
Okawaru
Qazlal
Ru
Sif Muna
Trog
Uskayaw
Vehumet
Wu Jian
Xom
Yredelemnul
Zin
The Shining One

Shops:
D:4 ?


Message History

The yak gores you!
The searing ray hits the yak.
The yak is heavily wounded.
The searing ray misses the yak.
The yak gores you!
* * * LOW HITPOINT WARNING * * *
The searing ray hits the yak!
The yak is almost dead.
The searing ray hits the yak!
The yak is almost dead.
You finish channeling your searing ray.
The yak closely misses you.
Casting: Searing Ray (safe; 1% risk of failure)
Confirm with . or Enter, or press ? or * to list all spells.
Aiming: Searing Ray (safe; 1% risk of failure)
Press: ? - help, Shift-Dir - straight line, f/p - yak
Aim: a yak (severely wounded)
The searing ray hits the yak.
The yak is almost dead.
The searing ray hits the yak.
The yak is almost dead. (Press . to maintain the ray.)
The yak gores you!
* * * LOW HITPOINT WARNING * * *
The searing ray hits the yak!
You kill the yak!
Vehumet accepts your kill.
You feel your power returning.
You have reached level 10!
The searing ray hits the yak!
You kill the yak!
Vehumet accepts your kill.
You feel your power returning.
Casting: Searing Ray (safe; 1% risk of failure)
Confirm with . or Enter, or press ? or * to list all spells.
You blink.
The yak gores you.
* * * LOW HITPOINT WARNING * * *
Items here: ( ) ÷÷ a +0 dagger; 3 stones; a kobold skeleton; a big kobold skeleton
Casting: Blink (safe; 2% risk of failure)
Confirm with . or Enter, or press ? or * to list all spells.
You blink.
Casting: Blink (safe; 2% risk of failure)
Confirm with . or Enter, or press ? or * to list all spells.
Aiming: Mephitic Cloud (dangerous; 4% risk of failure)
Press: ? - help, Shift-Dir - straight line, f - yak
Aim: a yak (translocational energy)
The ball explodes into a vile cloud!
The stinking cloud engulfs the yak but does no damage.
Casting: Mephitic Cloud (dangerous; 4% risk of failure)
Confirm with . or Enter, or press ? or * to list all spells.
Aiming: Searing Ray (safe; 1% risk of failure)
Press: ? - help, Shift-Dir - straight line, f/p - yak
Aim: a yak (noxious fumes)
The searing ray hits the yak!
The yak is moderately wounded. (Press . to maintain the ray.)
The yak is engulfed in noxious fumes.
The yak appears confused.
The searing ray hits the yak.
The yak is heavily wounded.
The searing ray hits the yak!
The yak is severely wounded.
The searing ray hits the yak.
The yak is almost dead.
You finish channeling your searing ray.
The yak gores you!
You die...

#..# # ###### #.#
#### #....#####†##
...####.......<##(#
..))†[..........)##
.......)÷......☼○#
.....)...........#
.................##
...............Y@.#
..................#
..................#
.................##
........########.#
.......## #.. ...
...


You could see a yak (confused).

Vanquished Creatures
  A hippogriff (D:7)
  4 yaks (D:9)
  4 hogs (D:7)
  A human (D:7)
  A water moccasin (D:7)
  2 phantoms
  An orc warrior (D:7)
  An ice beast (D:8)
  A centaur (D:3)
  An ogre (D:6)
  2 big kobolds
  5 bullfrogs
  3 scorpions
  4 wights (D:9)
  A howler monkey (D:4)
  4 crimson imps
  3 bullfrog skeletons
  2 centaur skeletons
  3 jellies
  A quasit (D:7)
  4 orc priests
  3 iguanas
  3 orc wizards
  Ijyb (D:5)
  4 worker ants
  A killer bee zombie (D:9)
  12 gnolls
  5 adders
  3 shadow imps
  3 oozes
  2 adder skeletons
  A worm (D:6)
  5 dart slugs
  7 leopard geckos
  22 orcs
  5 giant cockroaches
  9 goblins
  6 hobgoblins
  4 jackals
  4 quokkas
  A ball python (D:2)
  9 bats
  6 frilled lizards
  16 kobolds
  2 leopard gecko skeletons
  2 quokka skeletons
  11 rats
196 creatures vanquished.

Vanquished Creatures (collateral kills)
  An ice beast (D:7)
1 creature vanquished.

Grand Total: 197 creatures vanquished

Notes
Turn   | Place    | Note
-------+----------+-------------------------------------------
     0 | D:1      | Amnesiac the Deep Elf Wizard began the quest for the Orb.
     0 | D:1      | Reached XP level 1. HP: 10/10 MP: 7/7
   197 | D:1      | Reached skill level 5 in Spellcasting
   285 | D:1      | Reached XP level 2. HP: 15/15 MP: 7/10
   793 | D:1      | Reached XP level 3. HP: 19/19 MP: 2/12
   797 | D:1      | Learned a level 2 spell: Blink
  1009 | D:1      | Reached skill level 6 in Spellcasting
  2134 | D:2      | Reached XP level 4. HP: 24/24 MP: 11/14
  2822 | D:3      | You fall into a shaft and drop 2 floors!
  2822 | D:5      | Entered Level 5 of the Dungeon
  2855 | D:5      | Noticed a phantom
  2871 | D:4      | Identified a paperback manual
  2884 | D:4      | Found Toynteej's Magic Scroll Boutique.
  2939 | D:3      | You fall into a shaft and drop 3 floors!
  2983 | D:6      | Reached XP level 5. HP: 28/28 MP: 9/16
  3069 | D:6      | Reached skill level 1 in Evocations
  3173 | D:6      | Reached XP level 6. HP: 32/32 MP: 10/17
  3476 | D:5      | Reached XP level 7. HP: 35/37 MP: 5/18
  3761 | D:5      | Noticed Ijyb
  3767 | D:5      | Learned a level 3 spell: Mephitic Cloud
  3772 | D:5      | Killed Ijyb
  3772 | D:5      | Reached skill level 1 in Fighting
  3780 | D:5      | Learned a level 3 spell: Conjure Flame
  3783 | D:5      | Learned a level 2 spell: Call Imp
  3837 | D:5      | Found a staircase to the Ecumenical Temple.
  3852 | D:5      | You fall into a shaft and drop 3 floors!
  3993 | D:7      | Reached skill level 5 in Dodging
  4114 | D:7      | Noticed a hippogriff
  4126 | D:7      | Killed a hippogriff
  4248 | D:7      | Reached XP level 8. HP: 18/45 MP: 8/19
  4566 | D:6      | Found an ancient bone altar of Kikubaaqudgha.
  4933 | Temple   | Entered the Ecumenical Temple
  5231 | Temple   | Became a worshipper of Vehumet
  6043 | D:4      | Reached skill level 7 in Spellcasting
  6327 | D:4      | Reached skill level 8 in Spellcasting
  6933 | D:6      | Reached * piety under Vehumet
  6933 | D:6      | Offered knowledge of Foxfire by Vehumet.
  7545 | D:7      | Reached skill level 9 in Spellcasting
  7545 | D:7      | Reached XP level 9. HP: 52/52 MP: 15/24
  8405 | D:7      | Offered knowledge of Searing Ray by Vehumet.
  8405 | D:7      | Reached skill level 10 in Spellcasting
  8416 | D:7      | Reached ** piety under Vehumet
  8421 | D:7      | Learned a level 2 spell: Searing Ray
  8429 | D:7      | Reached skill level 11 in Spellcasting
  9003 | D:8      | Reached skill level 12 in Spellcasting
  9691 | D:9      | Offered knowledge of Inner Flame by Vehumet.
  9815 | D:9      | Found an ornate altar of the Wu Jian Council.
  9816 | D:9      | Found a bloodstained altar of Trog.
  9817 | D:9      | Found a glowing silver altar of Zin.
  9868 | D:9      | Reached skill level 13 in Spellcasting
  9940 | D:9      | Reached XP level 10. HP: 8/56 MP: 20/29
  9948 | D:9      | Slain by a yak

Levels and vault maps discovered:
D:1:      psy_arrival_dodecagon, layout_basic
D:2:      layout_rooms, hangedman_glass_teeth, minmay_misc_feat_columns,
          minmay_box_of_dots
D:3:      layout_rooms
D:4:      layout_rooms, serial_shops, nicolae_shop_trees,
          minmay_manual_monstrance
D:5:      layout_basic, minmay_temple_entry_sparse_star, first_ration, uniq_ijyb
D:6:      layout_rooms, kiku_gazebo_garden_becter
D:7:      layout_layer_cave, grunt_livestock
D:8:      layout_cave_pods
D:9:      layout_cave_pods, chequers_temple_overflow_statue_of_worship,
          cheibrodos_ashenzari_chains, kennysheep_mini, david_lair_generic,
          serial_shops, shop_statue
Temple:   eino_temple_rhombus

Skill      XL: |  1  2  3  4  5  6  7  8  9 |
---------------+----------------------------+-----
Spellcasting   | 5 6 9 13 | 13.8
Conjurations   | 3 4 |  4.0
Evocations     | 3 4 |  4.0
Stealth        | 4 |  4.0
Dodging        | 4 6 8 |  8.0
Fighting       | 2 4 |  4.0
Summonings     | |  1.1
Translocations | |  1.1

Action                   |  1- 3 |  4- 6 |  7- 9 | 10-12 || total
-------------------------+-------+-------+-------+-------++-------
Melee: Dagger            |       |       |    28 |       ||    28
 Cast: Magic Dart        |   106 |   111 |   293 |       ||   510
       Call Imp          |       |       |     4 |       ||     4
       Mephitic Cloud    |       |       |    13 |     1 ||    14
       Blink             |       |       |     1 |     2 ||     3
       Searing Ray       |       |       |    29 |     1 ||    30
  Use: Scroll            |       |     8 |     3 |       ||    11
 Stab: Confused          |       |       |     1 |       ||     1
  Eat: Chunk             |     2 |     5 |    20 |       ||    27
Armor: Robe              |     1 |     2 |    22 |       ||    25
Dodge: Dodged            |     6 |     6 |   100 |       ||   112
       Repelled          |       |       |     1 |       ||     1

Table legend:
 A = Non-vault XP
 B = Vault XP
 C = Vault XP percentage of total XP
 D = Non-vault monster count
 E = Vault monster count
 F = Vault count percentage of total count
                 A         B        C        D         E       F
            +---------+---------+-------+---------+---------+-------
      Total |    4640 |    1153 |  19.9 |     181 |      16 |   8.1
            +---------+---------+-------+---------+---------+-------
        D:1 |      48 |       0 |   0.0 |      24 |       0 |   0.0
        D:2 |      51 |       9 |  15.0 |      23 |       4 |  14.8
        D:3 |     254 |       0 |   0.0 |      22 |       0 |   0.0
        D:4 |     158 |     207 |  56.7 |       9 |       6 |  40.0
        D:5 |     311 |      35 |  10.1 |      11 |       1 |   8.3
        D:6 |     800 |       0 |   0.0 |      27 |       0 |   0.0
        D:7 |    1212 |     902 |  42.7 |      26 |       5 |  16.1
        D:8 |     543 |       0 |   0.0 |      21 |       0 |   0.0
        D:9 |    1263 |       0 |   0.0 |      18 |       0 |   0.0
            +---------+---------+-------+---------+---------+-------
